 Dungeon Crawl Stone Soup version 0.30-a0-782-ge64f9170bb (webtiles) character file.

Game seed: 655172421437914972

38 mopl the Vexing (level 3, -1/19 HPs)
             Began as a Deep Elf Enchanter on Mar 13, 2023.
             Slain by an endoplasm (2 damage)
             ... on level 2 of the Dungeon.
             The game lasted 00:01:40 (948 turns).

mopl the Vexing (Deep Elf Enchanter)                 Turns: 948, Time: 00:01:40

Health: -1/19      AC:  2    Str:  5    XL:     3   Next: 25%
Magic:  8/10       EV: 12    Int: 21    God:
Gold:   55         SH:  3    Dex: 15    Spells: 1/9 levels left

rFire   . . .      SeeInvis .    a - +1 dagger
rCold   . . .      Faith    .    e - +0 buckler
rNeg    . . .      Spirit   .    b - +0 robe
rPois   .          Reflect  .    (no helmet)
rElec   .          Harm     .    (no cloak)
rCorr   .          Rampage  .    (no gloves)
Will    .....                    (no boots)
Stlth   +++                      (no amulet)
HPRegen 0.23/turn                (no ring)
MPRegen 0.12/turn                (no ring)

@: no status effects
A: no striking features
a: no special abilities


You were on level 2 of the Dungeon.
You visited 1 branch of the dungeon, and saw 2 of its levels.

You collected 55 gold pieces.

Inventory:

Hand Weapons
 a - a +1 dagger (weapon)
Missiles
 d - 5 curare-tipped darts
Armour
 b - a +0 robe (worn)
 e - a +0 buckler (worn)
Scrolls
 f - a scroll of silence {unknown}
 g - a scroll of amnesia {unknown}
 i - a scroll of teleportation {unknown}
Potions
 c - 2 potions of invisibility
 h - a potion of curing {unknown}


   Skills:
 + Level 1.7 Short Blades
 - Level 2.4 Dodging
 + Level 4.2 Stealth
 + Level 0.3 Shields
 + Level 3.5 Spellcasting
 + Level 4.5 Hexes


You had one spell level left.
You knew the following spells:

 Your Spells              Type           Power      Damage    Failure   Level
b - Ensorcelled Hibernat  Hex/Ice        26%        N/A       11%         2
c - Confusing Touch       Hex            22%        N/A       9%          3
d - Tukima's Dance        Hex            22%        N/A       9%          3

Your spell library contained the following spells:

 Spells                   Type           Power      Damage    Failure   Level
 Dazzling Flash           Conj/Hex       26%        N/A       21%         3
 Cigotuvi's Dreadful Rot  Necr/Pois/Air  6%         N/A       26%         2
 Poisonous Vapours        Pois/Air       6%         N/A       26%         2
 Sublimation of Blood     Necr           3%         N/A       26%         2
 Wereblood                Tmut           3%         N/A       26%         2
 Mephitic Cloud           Conj/Pois/Air  3%         N/A       45%         3
 Ozocubu's Armour         Ice            3%         N/A       45%         3
 Metabolic Englaciation   Hex/Ice        6%         N/A       88%         5
 Simulacrum               Ice/Necr       1%         N/A       100%        6
 Summon Hydra             Summ           1%         N/A       100%        7


Dungeon Overview and Level Annotations

Branches:
Dungeon (2/15)

Altars:


Message History

You add the spells Poisonous Vapours, Cigotuvi's Dreadful Rot and Mephitic Cloud to your library.
Found an escape hatch in the floor.
You now have 46 gold pieces (gained 15).
A quokka comes into view.
Found a stone staircase leading down.
Found a blue potion and a smoky red potion.
The helpless quokka fails to defend itself.
You impale the quokka!!
You kill the quokka!
You now have 55 gold pieces (gained 9).
A hobgoblin comes into view. It is wielding a +0 whip.
The hobgoblin shouts!
You hit the hobgoblin but do no damage.
The hobgoblin drinks a potion.
The hobgoblin flickers and vanishes!
Deactivating autopickup; reactivate with Ctrl-A.
Casting: Ensorcelled Hibernation (safe; 11% risk of failure)
Confirm with . or Enter, or press ? or * to list all spells.
You don't know that spell.
Casting: Ensorcelled Hibernation (safe; 11% risk of failure)
Confirm with . or Enter, or press ? or * to list all spells.
The spell is extremely dangerous to miscast (9% risk of failure)!
Continue anyway?
Your hands begin to glow red.
Something hits you.
You barely miss something. Something hits you.
You closely miss something. Something hits you.
An endoplasm comes into view.
The endoplasm quivers.
You hit something but do no damage. Something barely misses you.
You closely miss something. The endoplasm hits you.
You hit something. The endoplasm freezes you.
You are frozen.
Something barely misses you. The endoplasm freezes you.
You are frozen.
* * * LOW HITPOINT WARNING * * *
The endoplasm freezes you.
You are frozen.
* * * LOW HITPOINT WARNING * * *
The endoplasm attacks as you move away! The endoplasm hits you.
You die...

#.... #.... #..!.
#.... ###....
.......## #!..#
##...#J### ..
##>.###@..## .#
#.......#.†# ###.#
#..#####..#.....>..
##.######.. #....#
#.# ####.###.#
#.....# ##...###
##..#..#


You could see an endoplasm.

Vanquished Creatures
  An adder (D:2)
  3 bats
  3 endoplasms
  A giant cockroach (D:1)
  3 goblins
  A hobgoblin (D:1)
  3 jackals (D:1)
  2 kobolds
  4 quokkas
  A ball python (D:1)
  2 frilled lizards (D:1)
  2 rats (D:1)
26 creatures vanquished.

Notes
Turn   | Place    | Note
-------+----------+-------------------------------------------
     0 | D:1      | mopl the Deep Elf Enchanter began the quest for the Orb.
     0 | D:1      | Reached XP level 1. HP: 10/10 MP: 6/6
   146 | D:1      | Reached XP level 2. HP: 15/15 MP: 8/8
   155 | D:1      | Learned a level 2 spell: Ensorcelled Hibernation
   217 | D:1      | Reached skill level 4 in Stealth
   785 | D:2      | Reached XP level 3. HP: 19/19 MP: 5/10
   789 | D:2      | Learned a level 3 spell: Confusing Touch
   793 | D:2      | Learned a level 3 spell: Tukima's Dance
   948 | D:2      | Slain by an endoplasm

Illustrated notes

Levels and vault maps discovered:
D:1:      dpeg_arrival_boxes_within_box, layout_basic,
          minmay_misc_feat_nine_boxes, fountainhead
D:2:      layout_rooms, kennysheep_generic_room_10

Skill      XL: |  1  2 |
---------------+-------+-----
Stealth        | 4 |  4.2
Short Blades   | |  1.7
Dodging        | |  2.4
Shields        | |  0.3
Spellcasting   | |  3.5
Hexes          | |  4.5

Action                     || total
---------------------------++-------
  Melee: Dagger            ||    68
  Throw: Dart              ||     1
   Cast: Ensorcelled Hiber ||    12
         Confusing Touch   ||     1
   Stab: Sleeping          ||    14
 Armour: Robe              ||     4
  Dodge: Dodged            ||    33
  Block: Buckler           ||     4

Table legend: (Time is in decaauts)
 A = Elapsed time spent in this place.
 B = Non-inter-level travel time spent in this place.
 C = Inter-level travel time spent in this place.
 D = Time resting spent in this place.
 E = Time spent auto-exploring this place.
 F = Levels seen in this place.
 G = Mean time per level.
                   A        B        C        D        E       F      G
               +--------+--------+--------+--------+--------+-----+--------+
         Total |    947 |    902 |     45 |     90 |    597 |   2 |  473.5 |
       Dungeon |    947 |    902 |     45 |     90 |    597 |   2 |  473.5 |
               +--------+--------+--------+--------+--------+-----+--------+

Top non-repeatable levels by time:
     D:1: 749 daAuts
     D:2: 197 daAuts
